 Dungeon Crawl Stone Soup version 0.28-a0-1447-ga5a8893891 (webtiles) character file.

Game seed: 4814565337967526807

67 leviel the Chopper (level 4, -4/60 HPs)
             Began as a Hill Orc Fighter on Jan 11, 2022.
             Slain by an orc (6 damage)
             ... on level 3 of the Dungeon.
             The game lasted 00:02:06 (1624 turns).

leviel the Chopper (Hill Orc Fighter)               Turns: 1624, Time: 00:02:07

Health: -4/60      AC: 22    Str: 18    XL:     4   Next: 16%
Magic:  4/4        EV:  2    Int: 10    God:
Gold:   88         SH:  4    Dex: 10    Spells: 3/3 levels left

rFire   . . .      SeeInvis .   a - +0 war axe
rCold   . . .      Faith    .   c - +0 buckler
rNeg    . . .      Spirit   .   (armour currently unavailable)
rPois   +          Reflect  .   (helmet currently unavailable)
rElec   .          Harm     .   (cloak currently unavailable)
rCorr   .          Rampage  .   (gloves currently unavailable)
Will    .....      NoTele   +   (boots currently unavailable)
Stlth   +.........              (no amulet)
HPRegen 0.20/turn               (no ring)
MPRegen 0.09/turn               (no ring)

@: tree-form
A: stationary, stasis, torment immunity, boosted hp
a: no special abilities


You were on level 3 of the Dungeon.
You were a tree.
You visited 1 branch of the dungeon, and saw 3 of its levels.

You collected 88 gold pieces.

Inventory:

Hand Weapons
 a - a +0 war axe (weapon)
Armour
 b - a +0 scale mail (melded)
 c - a +0 buckler (worn)
 h - a +0 cloak (melded)
Scrolls
 g - a scroll of identify {unknown}
Potions
 d - a potion of might
 e - a potion of curing {unknown}
 f - 2 potions of lignification


   Skills:
 - Level 3.8 Fighting
 + Level 5.2 Axes
 - Level 3.4 Armour
 - Level 3.5 Shields


You had 3 spell levels left.
You didn't know any spells.
Your spell library contained the following spells:

 Spells                   Type           Power      Damage    Failure   Level
 Ignite Poison            Fire/Tmut/Pois 0%         N/A       83%         3
 Mephitic Cloud           Conj/Pois/Air  0%         N/A       83%         3
 Freezing Cloud           Conj/Ice/Air   0%         6-21      100%        5


Dungeon Overview and Level Annotations

Branches:
Dungeon (3/15)

Altars:


Message History

The orc barely misses you.
You completely miss something. You hit the orc. You barely miss the endoplasm.
The endoplasm hits you but does no damage.
Something hits you but does no damage. The orc hits you with a +0 flail.
The endoplasm freezes you.
You are frozen.
Something hits you.
* * * LOW HITPOINT WARNING * * *
The orc barely misses you.
You closely miss the endoplasm. You miss the orc. You barely miss something.
Something hits you.
* * * LOW HITPOINT WARNING * * *
The orc hits you with a +0 flail.
* * * LOW HITPOINT WARNING * * *
The endoplasm hits you but does no damage.
Something hits you but does no damage.
It was a potion of lignification.
You turn into a tree.
Your +0 cloak melds into your body.
Your +0 scale mail melds into your body.
Your roots penetrate the ground.
The orc hits you but does no damage. The endoplasm freezes you.
You are frozen.
* * * LOW HITPOINT WARNING * * *
The orc hits you but does no damage.
You hear some strange, mumbled words.
A magic dart appears from out of thin air!
The magic dart hits you but does no damage.
You cannot move. (Use ctrl+direction or * direction to attack without moving.)
You cannot move. (Use ctrl+direction or * direction to attack without moving.)
You cannot move. (Use ctrl+direction or * direction to attack without moving.)
You slash the endoplasm!
You kill the endoplasm!
You closely miss something. You barely miss the orc. You closely miss the orc.
The orc hits you but does no damage. x2; Something hits you but does no damage.
You slash the orc!
You kill the orc!
You closely miss the orc. You miss something.
You feel less confused. The orc hits you with a +0 flail.
You die...

. .. #.
...##########...
#.......^....#
#.....)....#
#.....{....#
#....♣o...##
#.....)..$#
#.........#
#............
.........<.###
###.........#
#.........#
###########


You could see an orc.

Vanquished Creatures
  A gnoll (D:1)
  An adder (D:2)
  2 orcs (D:3)
  6 ball pythons
  5 endoplasms
  5 goblins
  5 hobgoblins
  4 jackals (D:2)
  2 quokkas (D:1)
  7 bats
  3 kobolds
  3 rats
44 creatures vanquished.

Notes
Turn   | Place    | Note
-------+----------+-------------------------------------------
     0 | D:1      | leviel the Hill Orc Fighter began the quest for the Orb.
     0 | D:1      | Reached XP level 1. HP: 19/19 MP: 1/1
    69 | D:1      | Reached skill level 3 in Axes
    69 | D:1      | Reached XP level 2. HP: 27/27 MP: 2/2
   402 | D:1      | Reached XP level 3. HP: 33/33 MP: 3/3
   572 | D:1      | Reached skill level 4 in Axes
  1244 | D:2      | Reached XP level 4. HP: 31/40 MP: 4/4
  1609 | D:3      | Reached skill level 5 in Axes
  1622 | D:3      | HP: 2/60 [frozen (3)]
  1624 | D:3      | Slain by an orc

Illustrated notes

Levels and vault maps discovered:
D:1:      lemuel_arrival_lava_pool, layout_loops_ring
D:2:      layout_loops_ring, minmay_misc_feat_columns
D:3:      layout_rooms, dreamdust_ecumenical_altar_grove,
          minmay_gold_behind_fungi, minmay_close_crescents, uniq_robin,
          uniq_crazy_yiuf_cottage, uniq_ijyb

Skill      XL: |  1  2  3  4 |
---------------+-------------+-----
Axes           | 3 4 5 |  5.2
Fighting       | |  3.8
Armour         | |  3.4
Shields        | |  3.5

Action                   |  1- 3 |  4- 6 || total
-------------------------+-------+-------++-------
Melee: War axe           |    94 |    19 ||   113
  Use: Scroll            |       |     2 ||     2
       Potion            |       |     1 ||     1
Armor: Scale mail        |    58 |    16 ||    74
       Skin              |       |     6 ||     6
Dodge: Dodged            |    48 |    12 ||    60
Block: Buckler           |    20 |     6 ||    26

Table legend: (Time is in decaauts)
 A = Elapsed time spent in this place.
 B = Non-inter-level travel time spent in this place.
 C = Inter-level travel time spent in this place.
 D = Time resting spent in this place.
 E = Time spent auto-exploring this place.
 F = Levels seen in this place.
 G = Mean time per level.
                   A        B        C        D        E       F      G
               +--------+--------+--------+--------+--------+-----+--------+
         Total |   1661 |   1594 |     67 |      0 |   1326 |   3 |  553.7 |
       Dungeon |   1661 |   1594 |     67 |      0 |   1326 |   3 |  553.7 |
               +--------+--------+--------+--------+--------+-----+--------+

Top non-repeatable levels by time:
     D:1: 871 daAuts
     D:2: 762 daAuts
     D:3: 26 daAuts
